Map: Invasor EE

Players

Enki

  • Race: Terran Terran
  • League: Bronze

xXkazperXx - Winner!

  • Race: Zerg Zerg
  • League: Bronze

VOD

Have the link to the VOD?

Description

Time

  • Played on: April 10, 2016, 3:01 a.m.
  • Length: 20:20
Show
View Real Time Build Order
Export as new Build Order

Enki Terran 

Build Orders:  

Get SALT Encoding   

  12  0:03  SCV  
  13  0:15  SCV  
  14  0:28  SCV  
  15  0:30  Supply Depot  
  15  0:52  Engineering Bay  
  15  0:58  Engineering Bay  
  15  1:04  Engineering Bay  
  16  1:11  SCV  
  16  1:21  Supply Depot  
  16  1:31  Refinery  
  16  1:39  Refinery  
  16  1:56  Barracks  
  16  1:58  SCV  
  17  2:10  SCV  
  18  2:43  Command Center  
  18  2:49  Marine  
  19  2:57  SCV  
  20  3:07  Marine  
  22  3:14  Orbital Command  
  21  3:24  Supply Depot  
  21  3:25  Marine  
  22  3:29  Barracks  
  22  3:35  Terran Infantry Weapons Level 1  
  22  3:43  Marine  
  23  3:48  SCV  
  24  4:00  SCV, Marine  
  26  4:05  Supply Depot  
  26  4:13  SCV, Terran Infantry Armor Level 1  
  27  4:18  Marine  
  29  4:37  SCV  
  29  4:48  Supply Depot, Marine  
  29  4:49  SCV  
  29  4:51  Marine  
  32  5:01  SCV  
  32  5:05  Marine  
  34  5:09  Marine  
  34  5:14  SCV  
  36  5:16  Hi-Sec Auto Tracking  
  36  5:23  Marine  
  36  5:27  Marine  
  38  5:31  Building Armor  
  38  5:41  Marine  
  39  5:45  Marine  
  40  5:56  Barracks  
  40  5:59  Marine  
  40  6:02  Marine  
  42  6:09  SCV  
  43  6:17  Marine  
  43  6:20  Marine  
  43  6:22  SCV  
  45  6:34  SCV, Marine  
  45  6:38  Command Center  
  47  6:46  SCV  
  48  6:58  SCV  
  49  7:04  Marine x3  
  49  7:05  Ghost Academy  
  51  7:10  SCV  
  52  7:22  SCV, Marine  
  54  7:27  Barracks  
  54  7:34  SCV  
  55  7:46  SCV, Marine  
  55  7:47  Marine x2  
  59  7:58  SCV  
  59  8:04  Marine  
  59  8:05  Marine x2  
  63  8:07  Factory  
  63  8:10  SCV  
  64  8:18  SCV  
  65  8:22  Marine x2  
  65  8:23  Marine  
  68  8:30  Barracks, SCV  
  68  8:33  Barracks  
  69  8:36  Barracks  
  69  8:37  SCV  
  69  8:40  Marine x3  
  73  8:42  SCV  
  74  8:49  SCV  
  74  8:54  SCV  
  74  8:55  Factory Tech Lab  
  76  8:58  Marine x2  
  76  9:02  SCV  
  79  9:06  SCV  
  79  9:07  Armory  
  80  9:14  SCV  
  80  9:15  Neosteel Frame  
  81  9:20  Marine  
  81  9:21  Marine x3  
  85  9:38  Marine x2  
  85  9:39  Marine x2  
  89  9:49  Marine x3  
  92  9:56  Orbital Command, Marine x3  
  92  9:57  Supply Depot, Marine  
  96  10:04  Barracks  
  96  10:06  Marine  
  96  10:07  Marine x2  
  97  10:10  Supply Depot  
  97  10:14  Marine x4  
  99  10:18  Terran Infantry Armor Level 2  
  103  10:24  Marine x2  
  103  10:25  Marine  
  106  10:32  Orbital Command, Marine x3  
  109  10:42  Marine x3  
  112  10:52  Starport  
  112  10:56  Marine  
  112  10:57  Marine x3  
  113  11:00  Marine x3  
  113  11:04  Marine  
  120  11:14  Marine x2  
  120  11:15  Marine x2  
  120  11:18  Marine x3  
  126  11:21  Supply Depot  
  126  11:22  Marine  
  119  11:32  Marine x3  
  118  11:33  Marine  
  118  11:35  Marine  
  118  11:36  Marine x2  
  119  11:50  Marine x4  
  107  12:00  Marine x3  
  107  12:01  Marine  
  69  12:08  Marine x4  
  66  12:18  Marine x4  
  60  12:26  Marine x2  
  63  12:36  Marine x4  
  63  12:44  Marine  
  60  12:53  Marine  
  60  12:54  Marine x3  
  60  12:55  Barracks  
  63  12:58  Barracks  
  63  13:01  Barracks  
  63  13:02  Marine  
  63  13:05  Barracks  
  63  13:06  Supply Depot  
  63  13:10  Supply Depot  
  63  13:11  Marine x2  
  63  13:12  Marine x2  
  44  13:29  Marine x3  
  44  13:30  Marine  
  48  13:39  Missile Turret  
  48  13:45  Missile Turret  
  48  13:47  Missile Turret, Marine x3  
  48  13:48  Marine  
  51  13:52  Missile Turret  
  51  13:53  Missile Turret  
  52  13:59  Barracks  
  52  14:05  Marine x3  
  55  14:16  Marine  
  56  14:23  Marine x3  
  59  14:34  Marine  
  60  14:40  Marine  
  59  15:07  Engineering Bay  
  59  15:14  Marine x5  
  57  15:26  SCV  
  47  15:32  Marine  
Show
View Real Time Build Order
Export as new Build Order

xXkazperXx Zerg - Winner!

Build Orders: Pool First, Lurkers 

Get SALT Encoding   

  12  0:01  Drone  
  13  0:10  Drone  
  14  0:18  Overlord  
  14  0:45  Spawning Pool, Drone  
  14  0:46  Drone x2  
  16  1:02  Extractor  
  15  1:04  Drone  
  16  1:30  Drone x3  
  19  1:32  Queen  
  21  1:59  Zergling x2  
  21  2:01  Overlord  
  22  2:17  Roach Warren  
  22  2:18  Zergling x2  
  22  2:23  Zergling x2  
  22  2:27  Drone  
  24  2:45  Drone x4  
  28  3:01  Roach  
  28  3:04  Overlord  
  30  3:22  Roach  
  30  3:23  Roach x3  
  38  3:37  Extractor  
  37  3:44  Zergling x2, Overlord  
  38  4:02  Spine Crawler  
  37  4:11  Roach  
  37  4:12  Roach x2  
  43  4:22  Roach  
  45  4:26  Lair  
  45  4:32  Roach, Evolution Chamber  
  46  4:40  Spine Crawler  
  45  4:46  Drone x2, Spine Crawler  
  46  5:09  Overlord x2  
  46  5:22  Hatchery, Drone  
  46  5:28  Drone x3  
  49  5:56  Burrow  
  47  6:25  Roach x3  
  53  6:38  Drone  
  53  6:39  Queen  
  56  6:47  Hydralisk Den  
  56  6:48  Zerg Missile Weapons Level 1  
  53  7:19  Hydralisk x5  
  53  7:20  Hydralisk  
  53  7:21  Hydralisk  
  67  7:23  Overlord x2  
  67  7:27  Roach x10  
  67  7:42  Tunneling Claws  
  67  8:02  Lurker Den  
  67  8:08  Spire  
  67  8:11  Drone x5  
  67  8:12  Drone  
  72  8:16  Extractor  
  72  8:18  Extractor  
  70  8:36  Zergling x12  
  70  8:37  Zergling x4  
  78  8:52  Drone x3  
  81  8:55  Drone x2  
  81  8:56  Drone  
  84  9:05  Baneling Nest  
  83  9:23  Overlord x2  
  83  9:30  Metabolic Boost  
  83  9:31  Glial Reconstitution  
  83  9:36  Lurker  
  84  9:52  Lurker x6  
  82  10:34  Pneumatized Carapace  
  82  10:36  Mutalisk x3  
  82  10:39  Mutalisk x2  
  92  10:55  Infestation Pit  
  91  11:00  Hatchery  
  91  11:01  Roach x13  
  90  11:16  Roach x13  
  90  11:31  Roach x13  
  90  11:43  Roach x13  
  82  13:20  Mutalisk x3  
  82  13:21  Mutalisk x3  
  82  13:22  Mutalisk, Roach x10  
  82  13:24  Hive  
  96  13:42  Ravager x3  
  96  13:43  Ravager x7  
  106  14:02  Overlord x5  
  100  15:54  Mutalisk x4  
  102  17:24  Mutalisk x2  
  102  17:25  Mutalisk x4  
  102  18:03  Mutalisk x6  
  102  18:04  Mutalisk x3  
  102  18:46  Zergling x4  
  102  18:47  Zergling x12  
  102  18:55  Pathogen Glands  
  102  19:02  Overlord  
  102  19:20  Queen  
Tags
 
Composition
Lurkers
Matchup
TvZ
Opening
Pool First
Replay Pack
replays pack
Add a new tag
Caveats
  • Supply blocks, unpowered buildings, or Contaminate may cause inaccurate times.
  • Supply counts are checked every 10 seconds.